General information
			
			
        
        - name: BNet
 
        - type: Ladder team game (AT/RT)
 
        - host: Battle.net
 
        - saver: sc2no.wc4yes
 
        
map: Highperch 
        - players: 6
 
        - length: 47:43
 
        - speed: Fast
 - version: 1.22 W3XP
 - replay type:  Public
 
» download(178 KB)
Players
        team 1 (winner) 
              
              
DaRK_KNiGHt17 (
teal | 16 APM | 434 actions | 27:40)
              
 5 Warden 
 2 Shadow Strike
 3 Fan of Knives
 
                » actions 
                
                | Assign group hotkey | 3 |  | 
| Basic commands | 22 |  | 
| Build / train | 56 |  | 
| Enter build submenu | 15 |  | 
| Enter hero's abilities submenu | 5 |  | 
| Right click | 67 |  | 
| Select / deselect | 216 |  | 
| Select group hotkey | 3 |  | 
| Use ability | 47 |  | 
                434 total
 » units 
                
                | Wisp | 16 |  | 
| Archer | 10 |  | 
| Hippogryph | 7 |  | 
| Druid of the Talon | 2 |  | 
| Chimaera | 4 |  | 
                39 total
 » upgrades
                
                | Strength of the Wild | 3 |  | 
| Reinforced Hides | 2 |  | 
| Hippogryph Taming | 1 |  | 
| Corrosive Breath | 1 |  | 
| Druid of the Talon Training | 1 |  | 
                8 total
 » buildings
                
                | Altar of Elders | 2 |  | 
| Moon Well | 8 |  | 
| Ancient of War | 1 |  | 
| Tree of Ages | 1 |  | 
| Hunter's Hall | 1 |  | 
| Ancient of Wind | 1 |  | 
| Tree of Eternity | 1 |  | 
| Chimaera Roost | 3 |  | 
| Tree of Life | 1 |  | 
                19 total
 » build order
                00:12 Altar of Elders
00:20 Moon Well
00:39 Ancient of War
02:26 Moon Well
03:38 Moon Well
03:39 Moon Well
05:10 Tree of Ages
05:29 Moon Well
06:38 Moon Well
06:41 Moon Well
07:31 Hunter's Hall
07:36 Ancient of Wind
07:40 Tree of Eternity
08:28 Moon Well
11:49 Chimaera Roost
11:50 Chimaera Roost
12:20 Chimaera Roost
23:46 Tree of Life
27:06 Altar of Elders
» items
                 
               
              
              
» 
sc2no.wc4yes (
purple | 55 APM | 2618 actions | 47:43)
              
 8 Blademaster 
 3 Wind Walk
 3 Critical Strike
 1 Bladestorm
 1 Mirror Image
 5 Goblin Alchemist 
 3 Acid Bomb
 2 Chemical Rage
 
                » actions 
                
                | Assign group hotkey | 54 |  | 
| Basic commands | 52 |  | 
| Build / train | 96 |  | 
| ESC pressed | 12 |  | 
| Enter build submenu | 94 |  | 
| Enter hero's abilities submenu | 13 |  | 
| Give item / drop item | 11 |  | 
| Right click | 845 |  | 
| Select / deselect | 344 |  | 
| Select group hotkey | 803 |  | 
| Use ability | 293 |  | 
                2618 total
 » units 
                » upgrades
                » buildings
                
                | Altar of Storms | 3 |  | 
| Orc Burrow | 12 |  | 
| Voodoo Lounge | 3 |  | 
| War Mill | 2 |  | 
| Watch Tower | 56 |  | 
| Stronghold | 2 |  | 
| Great Hall | 1 |  | 
| Fortress | 1 |  | 
| Beastiary | 4 |  | 
                84 total
 » build order
                00:19 Altar of Storms
00:22 Orc Burrow
00:50 Voodoo Lounge
01:37 War Mill
02:08 Orc Burrow
02:52 Watch Tower
02:53 Watch Tower
04:06 Watch Tower
04:07 Watch Tower
04:08 Stronghold
04:18 Watch Tower
04:28 Voodoo Lounge
05:09 Watch Tower
05:12 Watch Tower
05:21 Watch Tower
05:57 Watch Tower
06:09 Great Hall
06:51 Fortress
06:55 Watch Tower
06:56 Watch Tower
07:00 Watch Tower
07:03 Watch Tower
08:00 Watch Tower
08:01 Watch Tower
08:05 Watch Tower
09:13 Watch Tower
09:14 Watch Tower
09:14 Watch Tower
09:14 Watch Tower
09:36 Watch Tower
10:03 Watch Tower
10:36 Watch Tower
10:50 Watch Tower
11:34 Watch Tower
11:34 Watch Tower
11:35 Watch Tower
12:02 Beastiary
12:14 Beastiary
12:50 Watch Tower
12:51 Watch Tower
12:51 Watch Tower
12:52 Watch Tower
12:57 Orc Burrow
12:57 Orc Burrow
12:58 Orc Burrow
13:36 Watch Tower
14:31 Watch Tower
14:31 Watch Tower
16:51 Watch Tower
16:56 Watch Tower
21:50 Beastiary
21:55 Beastiary
21:59 Orc Burrow
22:02 Orc Burrow
22:08 Voodoo Lounge
22:32 Watch Tower
22:32 Watch Tower
22:33 Watch Tower
22:33 Watch Tower
22:35 Watch Tower
22:36 Watch Tower
22:38 Watch Tower
22:40 Watch Tower
22:40 Watch Tower
22:41 Watch Tower
24:15 War Mill
25:32 Watch Tower
25:33 Watch Tower
25:33 Watch Tower
25:34 Watch Tower
25:35 Watch Tower
26:28 Orc Burrow
26:29 Orc Burrow
26:29 Orc Burrow
26:30 Orc Burrow
26:57 Orc Burrow
27:57 Watch Tower
27:58 Watch Tower
30:30 Watch Tower
30:32 Watch Tower
30:33 Watch Tower
33:32 Stronghold
41:40 Altar of Storms
41:46 Altar of Storms
» items
                
                | Lesser Clarity Potion | 4 |  | 
| Healing Salve | 2 |  | 
| Scroll of Speed | 1 |  | 
| Boots of Speed | 2 |  | 
| Staff of Teleportation | 3 |  | 
| Orb of Lightning | 3 |  | 
| Potion of Mana | 2 |  | 
| Tiny Great Hall | 1 |  | 
| Scroll of Town Portal | 4 |  | 
| Potion of Lesser Invulnerability | 2 |  | 
| Potion of Invisibility | 1 |  | 
                25 total
  
               
              
              
YoungSolo (
red | 28 APM | 1333 actions | 47:42)
              
 4 Blademaster 
 2 Wind Walk
 2 Critical Strike
 3 Shadow Hunter 
 2 Healing Wave
 1 Hex
 
                » actions 
                
                | Basic commands | 3 |  | 
| Build / train | 63 |  | 
| Enter build submenu | 31 |  | 
| Enter hero's abilities submenu | 7 |  | 
| Give item / drop item | 4 |  | 
| Right click | 659 |  | 
| Select / deselect | 510 |  | 
| Use ability | 56 |  | 
                1333 total
 » units 
                » upgrades
                
                | Ranged Weapons | 3 |  | 
| Armor | 3 |  | 
| Spiked Barricades | 2 |  | 
| Envenomed Spears | 1 |  | 
| Liquid Fire | 1 |  | 
| Reinforced Defenses | 1 |  | 
                11 total
 » buildings
                
                | Orc Burrow | 13 |  | 
| Altar of Storms | 1 |  | 
| Barracks | 1 |  | 
| Voodoo Lounge | 2 |  | 
| Stronghold | 1 |  | 
| War Mill | 2 |  | 
| Beastiary | 3 |  | 
| Great Hall | 1 |  | 
| Fortress | 1 |  | 
                25 total
 » build order
                00:09 Orc Burrow
00:17 Altar of Storms
00:25 Barracks
02:35 Orc Burrow
02:41 Voodoo Lounge
03:42 Orc Burrow
04:38 Orc Burrow
05:29 Stronghold
06:03 War Mill
08:07 Beastiary
08:12 Beastiary
08:48 Great Hall
09:57 Fortress
21:03 Orc Burrow
21:13 Orc Burrow
22:12 Orc Burrow
23:47 Orc Burrow
24:24 Beastiary
26:49 War Mill
27:23 Orc Burrow
28:26 Orc Burrow
29:38 Orc Burrow
43:37 Orc Burrow
43:43 Orc Burrow
44:03 Voodoo Lounge
» items
                
                | Healing Salve | 2 |  | 
| Orb of Lightning | 2 |  | 
| Lesser Clarity Potion | 1 |  | 
| Boots of Speed | 1 |  | 
                6 total
  
               team 2 (loser) 
              
              
okok248 (
green | 30 APM | 516 actions | 17:20)
              
 2 Blood Mage 
 1 Banish
 1 Flame Strike
 
                » actions 
                
                | Basic commands | 8 |  | 
| Build / train | 51 |  | 
| Enter build submenu | 20 |  | 
| Enter hero's abilities submenu | 2 |  | 
| Right click | 230 |  | 
| Select / deselect | 169 |  | 
| Use ability | 36 |  | 
                516 total
 » units 
                
                | Peasant | 5 |  | 
| Footman | 17 |  | 
| Dragonhawk Rider | 1 |  | 
| Gryphon Rider | 11 |  | 
                34 total
 » upgrades
                
                | Swords | 1 |  | 
| Plating | 1 |  | 
| Lumber Harvesting | 2 |  | 
| Armor | 1 |  | 
                5 total
 » buildings
                
                | Altar of Kings | 1 |  | 
| Barracks | 2 |  | 
| Farm | 8 |  | 
| Lumber Mill | 1 |  | 
| Scout Tower | 2 |  | 
| Arcane Tower | 2 |  | 
| Blacksmith | 1 |  | 
| Arcane Vault | 1 |  | 
| Keep | 1 |  | 
| Town Hall | 1 |  | 
| Castle | 1 |  | 
| Gryphon Aviary | 2 |  | 
                23 total
 » build order
                00:19 Altar of Kings
00:23 Barracks
00:35 Farm
01:12 Farm
01:33 Farm
01:49 Lumber Mill
02:11 Scout Tower
02:38 Arcane Tower
03:05 Blacksmith
04:09 Arcane Vault
04:42 Farm
06:54 Keep
07:18 Town Hall
08:08 Barracks
08:14 Farm
09:41 Castle
09:51 Gryphon Aviary
11:33 Gryphon Aviary
12:56 Scout Tower
13:09 Farm
13:15 Farm
14:54 Arcane Tower
15:58 Farm
» items
                 
               
              
              
sharples (
blue | 39 APM | 1868 actions | 47:42)
              
 4 Paladin 
 1 Holy Light
 2 Devotion Aura
 1 Divine Shield
 1 Mountain King 
 1 Bash
 3 Blood Mage 
 1 Flame Strike
 2 Siphon Mana
 
                » actions 
                
                | Basic commands | 76 |  | 
| Build / train | 147 |  | 
| Enter build submenu | 30 |  | 
| Enter hero's abilities submenu | 8 |  | 
| Right click | 618 |  | 
| Select / deselect | 939 |  | 
| Use ability | 50 |  | 
                1868 total
 » units 
                
                | Peasant | 18 |  | 
| Footman | 17 |  | 
| Rifleman | 12 |  | 
| Priest | 6 |  | 
| Mortar Team | 10 |  | 
| Siege Engine | 5 |  | 
| Gargoyle | 10 |  | 
| Gryphon Rider | 6 |  | 
| Frost Wyrm | 12 |  | 
| Dragonhawk Rider | 5 |  | 
| Acolyte | 1 |  | 
                102 total
 » upgrades
                
                | Gunpowder | 3 |  | 
| Priest Training | 2 |  | 
| Long Rifles | 1 |  | 
| Armor | 2 |  | 
| Lumber Harvesting | 2 |  | 
| Defend | 1 |  | 
| Sorceress Training | 2 |  | 
| Flare | 1 |  | 
| Fragmentation Shards | 1 |  | 
| Storm Hammers | 1 |  | 
| Creature Attack | 2 |  | 
| Creature Carapace | 3 |  | 
| Cloud | 1 |  | 
                22 total
 » buildings
                
                | Barracks | 1 |  | 
| Altar of Kings | 1 |  | 
| Farm | 12 |  | 
| Blacksmith | 1 |  | 
| Arcane Vault | 1 |  | 
| Keep | 1 |  | 
| Town Hall | 1 |  | 
| Arcane Sanctum | 1 |  | 
| Workshop | 2 |  | 
| Lumber Mill | 1 |  | 
| Castle | 1 |  | 
| Nerubian Tower | 1 |  | 
| Spirit Tower | 1 |  | 
| Scout Tower | 1 |  | 
| Ziggurat | 2 |  | 
| Guard Tower | 1 |  | 
                29 total
 » build order
                00:05 Barracks
00:08 Altar of Kings
00:11 Farm
00:51 Farm
01:32 Farm
02:06 Blacksmith
02:38 Farm
03:17 Farm
03:30 Arcane Vault
04:07 Farm
06:36 Keep
07:13 Town Hall
07:49 Farm
08:11 Farm
08:31 Farm
08:59 Arcane Sanctum
09:26 Workshop
10:51 Lumber Mill
11:34 Castle
12:04 Farm
12:50 Farm
15:11 Workshop
16:36 Farm
35:30 Nerubian Tower
35:37 Spirit Tower
38:37 Scout Tower
42:44 Ziggurat
42:46 Ziggurat
43:05 Guard Tower
» items
                 
               
              
              
taintmister (
orange | 31 APM | 529 actions | 16:52)
              
 2 Lich 
 1 Frost Nova
 1 Frost Armor
 
                » actions 
                
                | Assign group hotkey | 13 |  | 
| Basic commands | 37 |  | 
| Build / train | 54 |  | 
| Enter build submenu | 18 |  | 
| Enter hero's abilities submenu | 2 |  | 
| Right click | 182 |  | 
| Select / deselect | 138 |  | 
| Select group hotkey | 59 |  | 
| Use ability | 26 |  | 
                529 total
 » units 
                
                | Acolyte | 12 |  | 
| Ghoul | 11 |  | 
| Crypt Fiend | 1 |  | 
| Necromancer | 5 |  | 
| Abomination | 2 |  | 
| Gargoyle | 6 |  | 
| Frost Wyrm | 2 |  | 
                39 total
 » upgrades
                
                | Cannibalize | 1 |  | 
| Creature Carapace | 1 |  | 
| Unholy Armor | 1 |  | 
| Web | 1 |  | 
| Skeletal Longevity | 1 |  | 
| Necromancer Training | 1 |  | 
| Unholy Strength | 1 |  | 
| Disease Cloud | 1 |  | 
| Skeletal Mastery | 1 |  | 
| Freezing Breath | 1 |  | 
                10 total
 » buildings
                
                | Crypt | 1 |  | 
| Ziggurat | 7 |  | 
| Altar of Darkness | 1 |  | 
| Halls of the Dead | 1 |  | 
| Graveyard | 1 |  | 
| Temple of the Damned | 1 |  | 
| Black Citadel | 1 |  | 
| Slaughterhouse | 1 |  | 
| Sacrificial Pit | 1 |  | 
| Boneyard | 1 |  | 
                16 total
 » build order
                00:13 Crypt
00:24 Ziggurat
00:49 Ziggurat
00:57 Altar of Darkness
02:39 Halls of the Dead
03:13 Graveyard
03:48 Ziggurat
05:19 Temple of the Damned
06:47 Black Citadel
07:41 Ziggurat
07:54 Slaughterhouse
10:24 Ziggurat
12:35 Ziggurat
13:07 Ziggurat
13:13 Sacrificial Pit
14:09 Boneyard
 
                Chat log
          (00:27 / Allies) sc2no.wc4yes: u guys wanna perch?
(00:35 / Allies) YoungSolo: the fuck is that?
(00:41 / Allies) sc2no.wc4yes: its wehre u get up here
(00:57 / Allies) YoungSolo: nah im good
(01:00 / Allies) YoungSolo: never heard of that strat before
(01:10 / Allies) sc2no.wc4yes: you cant reach that place except by air
(01:15 / Allies) sc2no.wc4yes: but there are a few tricks to get land up there
(01:24 / Allies) sc2no.wc4yes: once u have land up there if you have the right setup its unbeatable
(01:30 / Allies) sc2no.wc4yes: thers a clan that always does it
(01:51 / Allies) sc2no.wc4yes: the trick is to =drain ur mines asap
(01:57 / Allies) sc2no.wc4yes: and stay low food so u get more gold
(02:01 / Allies) sc2no.wc4yes: then it becomes a starvation match
(02:16 / Allies) DaRK_KNiGHt17: im going air
(02:19 / Allies) sc2no.wc4yes: k
(04:49 / Allies) sc2no.wc4yes: stay under 50 food
(04:52 / Allies) sc2no.wc4yes: and get anti-siege
(04:58 / Allies) YoungSolo: k
(05:36 / Allies) sc2no.wc4yes: go,ld pls
(05:38 / Allies) sc2no.wc4yes: for expo/towers
(05:46 / Allies) sc2no.wc4yes: ill pay back later
(05:49 / Allies) sc2no.wc4yes: when ur ready to make air
(06:34 / Allies) YoungSolo: u just want us to make air?
(06:50 / Allies) DaRK_KNiGHt17: no thats what im gettin
(06:54 / Allies) YoungSolo: i gave u 200 guy
(06:57 / Allies) YoungSolo: and 200 wood
(07:03 / Allies) YoungSolo: pay back when u can
(07:05 / Allies) DaRK_KNiGHt17: we need meele
(07:09 / Allies) sc2no.wc4yes: bno we dont
(07:13 / Allies) sc2no.wc4yes: were gonna have tower chokepoints here
(07:19 / Allies) sc2no.wc4yes: we only need anti siege
(07:21 / Allies) sc2no.wc4yes: then we can go air
(07:31 / Allies) sc2no.wc4yes: someone expo here
(07:48 / Allies) sc2no.wc4yes: b ready to defend towers
(07:49 / Allies) sc2no.wc4yes: get up here
(07:55 / Allies) sc2no.wc4yes: or theyll swamp them faster than u can cross map
(08:46 / Allies) sc2no.wc4yes: tp
(08:57 / Allies) sc2no.wc4yes: or just let it die... 385 gold is nothing right?
(09:26 / Allies) sc2no.wc4yes: hit htose
(10:01 / Allies) YoungSolo: so u want me to go air?
(10:10 / Allies) sc2no.wc4yes: yeah just stay below 50 food
(10:20 / Allies) sc2no.wc4yes: bgack tow toewrs
(10:21 / Allies) sc2no.wc4yes: back up to towers
(10:24 / Allies) sc2no.wc4yes: if they attk u
(10:56 / Allies) sc2no.wc4yes: lookout right side
(12:02 / Allies) sc2no.wc4yes: wood
(12:17 / Allies) DaRK_KNiGHt17: i have none
(12:19 / Allies) sc2no.wc4yes: k
(12:35 / Allies) sc2no.wc4yes: hawks 
(12:37 / Allies) sc2no.wc4yes: hes gonna cloud
(12:57 / Allies) YoungSolo: can i go over 50 now?
(13:02 / Allies) sc2no.wc4yes: no
(13:07 / Allies) sc2no.wc4yes: stay uner till mine is dead
(13:07 / Allies) YoungSolo: y not
(13:16 / Allies) sc2no.wc4yes: because ur income is higher liek this
(13:30 / Allies) sc2no.wc4yes: wood again?
(13:47 / Allies) YoungSolo: should ask night elf
(13:50 / Allies) YoungSolo: that guy is bawlin with wood
(13:55 / Allies) YoungSolo: kzu he dont have  to cut down trees
(14:06 / Allies) DaRK_KNiGHt17: not really
(14:12 / Allies) sc2no.wc4yes: night elf
(14:14 / Allies) sc2no.wc4yes: can u put a dott
(14:15 / Allies) sc2no.wc4yes: up here
(14:19 / Allies) sc2no.wc4yes: on the ground?
(14:35 / Allies) DaRK_KNiGHt17: no
(14:39 / Allies) sc2no.wc4yes: ...
(14:40 / Allies) sc2no.wc4yes: wtf
(14:55 / Allies) sc2no.wc4yes: its one dott
(15:20 / Allies) sc2no.wc4yes: come on man land one dott on groudn up there
(15:34 / Allies) DaRK_KNiGHt17: y?
(15:37 / Allies) sc2no.wc4yes: ull see
(15:40 / Allies) sc2no.wc4yes: i promise u wont be sorry ud id it
(15:45 / Allies) YoungSolo: just do what the man says
(16:19 / All) taintmister: haha u guys r homos
(16:25 / All) taintmister: way to drag this game out
(16:46 / Allies) sc2no.wc4yes: 1 dott pretty pls
(16:54 / Allies) DaRK_KNiGHt17: which 1?
(17:23 / All) sc2no.wc4yes: wtf
(17:24 / Allies) YoungSolo: lol
(17:25 / All) sharples: really?
(17:27 / All) sc2no.wc4yes: you have gold in ur mines...
(17:28 / All) sc2no.wc4yes: really?
(17:30 / All) sc2no.wc4yes: u dont know what siege is
(17:33 / All) sc2no.wc4yes: at least make it a challenge
(17:41 / Allies) sc2no.wc4yes: put it to land
(17:42 / Allies) sc2no.wc4yes: uop there
(17:45 / Allies) sc2no.wc4yes: ;land
(17:52 / Allies) sc2no.wc4yes: fuck man
(17:55 / Allies) sc2no.wc4yes: u shouldnt have run into those
(18:04 / Allies) DaRK_KNiGHt17: im making another
(18:06 / Allies) sc2no.wc4yes: kk thx
(18:26 / Allies) sc2no.wc4yes: be ready for them to hit our tower wall soon
(18:34 / Allies) sc2no.wc4yes: theyll prolly make a lst stand
(18:36 / Allies) sc2no.wc4yes: ebfore givimg up
(18:54 / Allies) DaRK_KNiGHt17: theres only one left
(18:54 / Allies) sc2no.wc4yes: ALL COME FAST
(19:12 / Allies) YoungSolo: im atryin
(19:14 / Allies) YoungSolo: trying
(20:53 / Allies) YoungSolo: fuck it im makin units
(22:09 / Allies) sc2no.wc4yes: mass air up here
(22:40 / Allies) YoungSolo: how the hell u get there
(22:45 / Allies) sc2no.wc4yes: tp up
(22:51 / All) YoungSolo: nah im talkin bou tu
(22:55 / Allies) YoungSolo: how u build up there in the first place
(23:02 / Allies) sc2no.wc4yes: i showed u
(23:06 / Allies) sc2no.wc4yes: staff of tp to a dott
(23:57 / Allies) sc2no.wc4yes: back
(23:58 / Allies) sc2no.wc4yes: dotn feed
(25:40 / Allies) YoungSolo: damn all my burrows
(25:52 / Allies) YoungSolo: teal why dont u build up here
(26:46 / Allies) sc2no.wc4yes: wood pls
(26:51 / All) sharples: this is kinda funny
(26:59 / Allies) sc2no.wc4yes: ty
(27:10 / Allies) YoungSolo: i need to make burrows
(27:29 / Allies) sc2no.wc4yes: u could try hiding htem downstairs
(27:51 / All) sharples: touche with the towers
(28:33 / Allies) YoungSolo: i think teal was mad
(28:34 / Allies) YoungSolo: lmao
(28:44 / Allies) sc2no.wc4yes: just stay back over towers
(29:06 / Allies) YoungSolo: damn guy i need to gatehr to
(29:08 / Allies) YoungSolo: =(
(30:02 / Allies) YoungSolo: should i attack them?
(30:05 / Allies) sc2no.wc4yes: nah
(30:08 / Allies) sc2no.wc4yes: let them wipe bottom
(30:14 / Allies) sc2no.wc4yes: so they get their hopes up
(31:10 / Allies) YoungSolo: how are we gonna get our heroes down there then
(31:20 / Allies) sc2no.wc4yes: u neecd a staff of tp
(31:22 / Allies) sc2no.wc4yes: ill bring one up for u
(31:27 / Allies) YoungSolo: k
(31:39 / Allies) YoungSolo: nooooooooooo
(31:47 / Allies) YoungSolo: i was gonna make three heroes
(31:49 / Allies) YoungSolo: but o well
(32:03 / Allies) YoungSolo: damn u level seven
(32:19 / Allies) YoungSolo: is that hero any good
(32:21 / Allies) YoungSolo: what oculd he do?
(32:55 / All) sharples: y are u still here?
(33:01 / All) sc2no.wc4yes: u cant win
(33:11 / All) sharples: what?
(33:21 / All) sharples: u have no units
(33:23 / Allies) YoungSolo: make fortress
(33:27 / Allies) YoungSolo: so i can buy orb lightening
(33:56 / Allies) YoungSolo: so when are we gonna act?
(34:04 / Allies) sc2no.wc4yes: we wait now
(34:31 / Allies) YoungSolo: thats it
(34:32 / Allies) YoungSolo: lols
(35:51 / Allies) YoungSolo: i wanna go down there
(36:17 / Allies) sc2no.wc4yes: :/
(36:21 / Allies) YoungSolo: i cant get it
(36:21 / Allies) YoungSolo: lols
(36:33 / Allies) sc2no.wc4yes: now
(36:34 / Allies) YoungSolo: ty
(36:50 / Allies) sc2no.wc4yes: just be careful
(36:51 / Allies) sc2no.wc4yes: dead is dead
(37:00 / Allies) YoungSolo: yeah i know
(37:09 / Allies) YoungSolo: where u get that staff at
(37:17 / Allies) YoungSolo: kool
(37:19 / Allies) sc2no.wc4yes: @ neutral shop
(37:24 / Allies) sc2no.wc4yes: ur not invul when u use it
(37:33 / Allies) YoungSolo: kool
(37:36 / Allies) YoungSolo: i learned something new
(39:13 / Allies) YoungSolo: were just gonna wait it out
(39:14 / All) YoungSolo: ?
(39:15 / Allies) YoungSolo: lol
(39:17 / Allies) sc2no.wc4yes: ya
(39:23 / Allies) YoungSolo: wow
(39:26 / Allies) YoungSolo: its gonna take forever
(39:35 / Allies) sc2no.wc4yes: if i had level 6 alch i could transmute units
(39:36 / Allies) sc2no.wc4yes: and run
(39:38 / Allies) sc2no.wc4yes: voer and over
(39:41 / Allies) sc2no.wc4yes: but i dont yet :(
(40:02 / Allies) sc2no.wc4yes: can i have like 2000 gold?
(40:08 / Allies) YoungSolo: damn
(40:11 / Allies) YoungSolo: for waht guy
(40:11 / Allies) sc2no.wc4yes: or even 400
(40:13 / Allies) sc2no.wc4yes: just items
(40:17 / Allies) sc2no.wc4yes: to get alch aroudn so it can level
(40:40 / Allies) YoungSolo: lol
(41:27 / Allies) sc2no.wc4yes: dumb move
(41:30 / All) sharples: awe
(41:54 / Allies) sc2no.wc4yes: ill need gold in a while to get bm back
(41:59 / Allies) sc2no.wc4yes: but itll be a while for sure
(43:15 / Allies) sc2no.wc4yes: all he has is air
(43:20 / Allies) sc2no.wc4yes: if ur wyvs ever die make bats afterwardsd
(43:21 / Allies) YoungSolo: i kno
(43:26 / Allies) sc2no.wc4yes: maybe make a shop here so u can
(43:32 / Allies) YoungSolo: sup?
(43:40 / Allies) sc2no.wc4yes: if u ever wanna make bats
(43:43 / Allies) sc2no.wc4yes: ull need an item shop first
(43:59 / Allies) sc2no.wc4yes: i guess if we need em that bad u could jsut feed me tho
(44:38 / Allies) YoungSolo: u could do that
(44:39 / Allies) YoungSolo: with the tp
(44:41 / Allies) YoungSolo: i never knew
(44:45 / Allies) sc2no.wc4yes: :p
(45:17 / All) sharples: ill kill u
(45:21 / All) sc2no.wc4yes: orly
(45:25 / Allies) YoungSolo: ll
(45:27 / Allies) YoungSolo: lol
(45:40 / Allies) YoungSolo: how u get level 8
(45:41 / Allies) YoungSolo: bm
(45:49 / Allies) sc2no.wc4yes: my bm was doing stuff all game
(45:54 / Allies) sc2no.wc4yes: harassing killing heros etc
(46:17 / Allies) sc2no.wc4yes: bah i wanna baldestorm but i cant till i have enough mana to ww away
(47:32 / All) sc2no.wc4yes: gj
(47:38 / All) sharples: u losers